 Dungeon Crawl Stone Soup version 0.20-a0-738-gb057e68 (webtiles) character file.

17085 polly the Brawler (level 12, -4/84 HPs)
             Began as a Demonspawn Gladiator on Feb 24, 2017.
             Was a High Priest of Okawaru.
             Slain by Frances
             ... wielding a +0 halberd
              (7 damage)
             ... while paralysed by a chaos spawn
             ... on level 12 of the Dungeon.
             The game lasted 00:24:07 (13468 turns).

polly the Brawler (Demonspawn Gladiator)           Turns: 13468, Time: 00:24:07

Health: -4/84      AC: 23    Str: 27    XL:     12   Next: 15%
Magic:  12/12      EV:  2    Int:  6    God:    Okawaru [*****.]
Gold:   170        SH:  0    Dex: 20    Spells: 11/11 levels left

rFire    . . .     SeeInvis .     - Unarmed
rCold    + . .     Gourm    .   T - +5 chain mail of Eternal Vigilance {rPois Str+7 Int-3}
rNeg     . . .     Faith    +   (no shield)
rPois    +         Spirit   .   c - +0 helmet
rElec    .         Reflect  .   M - +1 cloak
rCorr    +         Harm     .   (gloves unavailable)
MR       .....                  S - +0 pair of boots
Stlth    ..........             u - amulet of faith
Regen    0.3/turn               I - +5 ring of slaying
MPRegen  0.2/turn               P - ring "Saro" {rCorr Dex+5}

@: paralysed, slowed
A: claws 3, slimy green scales 2, cold resistance 1
a: Heroism, Finesse, Renounce Religion


You were on level 12 of the Dungeon.
You worshipped Okawaru.
Okawaru was extremely pleased with you.
You were hungry.

You visited 2 branches of the dungeon, and saw 14 of its levels.
You also visited: Labyrinth and Ossuary.

You collected 808 gold pieces.
You spent 638 gold pieces at shops.

Inventory:

Armour
 c - a +0 helmet (worn)
 M - a +1 cloak (worn)
 S - a +0 pair of boots (worn)
 T - the +5 chain mail of Eternal Vigilance (worn) {rPois Str+7 Int-3}
   (You bought it in a shop on level 10 of the Dungeon)

   It affects your strength (+7).
   It affects your intelligence (-3).
   It protects you from poison.
Jewellery
 b - the amulet "Lodun" {Gourm rElec rF+ Str+4, unknown}
   (You found it in a labyrinth)

   [amulet of the gourmand]

   It allows you to eat raw meat even when not hungry.
   It affects your strength (+4).
   It protects you from fire.
   It insulates you from electricity.
 d - a cursed amulet of inaccuracy {unknown}
 u - an amulet of faith (around neck)
 v - a +3 ring of slaying
 I - a +5 ring of slaying (right claw)
 J - an uncursed amulet of harm {unknown}
 P - the ring "Saro" (left claw) {rCorr Dex+5}
   (You found it in a labyrinth)

   [ring of resist corrosion]

   It affects your dexterity (+5).
 U - a +3 amulet of reflection {unknown}
Wands
 x - a wand of iceblast (8/15)
 B - a wand of clouds (6/9)
 D - a wand of disintegration (12/24)
 Q - a wand of disintegration (7/24)
 R - a wand of random effects (19/48)
 Z - a wand of iceblast (5/15)
Scrolls
 a - 2 scrolls of fear
 e - a scroll of recharging
 g - 2 scrolls of noise
 h - 7 scrolls of teleportation
 l - a scroll of enchant weapon
 o - a scroll of amnesia
 p - 2 scrolls of magic mapping
 t - 7 scrolls of remove curse
 w - 3 scrolls of immolation
 F - 3 scrolls of enchant armour
 H - a scroll of fog
 V - a scroll of brand weapon
Potions
 i - 4 potions of resistance
 j - 2 potions of heal wounds {unknown}
 k - a potion of invisibility {unknown}
 m - 2 potions of agility {unknown}
 s - a potion of curing
 A - 2 potions of haste
 C - 5 potions of degeneration {unknown}
 G - 2 potions of mutation {unknown}
 K - 5 potions of might {unknown}
 L - 3 potions of flight {unknown}
 N - a potion of ambrosia
 O - a potion of cancellation {unknown}
 X - a potion of lignification {unknown}
 Y - a potion of brilliance {unknown}
Books
 q - a book of Dreams

   Spells                             Type                      Level
   a - Ensorcelled Hibernation        Hexes/Ice                    2
   b - Silence                        Hexes/Air                    5
   c - Darkness                       Hexes                        6
   d - Shadow Creatures               Summoning                    6
 y - a book of Maledictions

   Spells                             Type                      Level
   a - Corona                         Hexes                        1
   b - Ensorcelled Hibernation        Hexes/Ice                    2
   c - Confuse                        Hexes                        3
   d - Tukima's Dance                 Hexes                        3
   e - Dazzling Spray                 Conjuration/Hexes            3
 W - a book of Party Tricks

   Spells                             Type                      Level
   a - Summon Butterflies             Summoning                    1
   b - Apportation                    Translocation                1
   c - Lesser Beckoning               Translocation                3
   d - Tukima's Dance                 Hexes                        3
   e - Alistair's Intoxication        Transmutation/Poison         5
   f - Invisibility                   Hexes                        6
Comestibles
 f - 5 bread rations
 n - 11 meat rations
 z - 28 fruits
 E - 2 royal jellies


   Skills:
 + Level 4.5 Fighting
   Level 3.0 Long Blades
 + Level 1.9 Throwing
 + Level 7.2 Armour
 + Level 4.6 Dodging
 + Level 1.3 Stealth
 * Level 15.1 Unarmed Combat


You had 11 spell levels left.
You didn't know any spells.

Dungeon Overview and Level Annotations

Branches:
Dungeon (13/15)            Temple (1/1) D:6            Lair (0/6) D:10
    Orc (0/2) D:10
 Vaults: D:13-14

Altars:
Ashenzari
Cheibriados
Dithmenos
Elyvilon
Fedhas
Gozag
Hepliaklqana
Kikubaaqudgha
Makhleb
Nemelex Xobeh
Okawaru
Qazlal
Ru
Sif Muna
Trog
Uskayaw
Vehumet
Wu Jian
Xom
Yredelemnul
Zin
The Shining One

Shops:
D:7 =   D:8 *   D:10 ([

Annotations:
D:12 Frances


Innate Abilities, Weirdness & Mutations

You have claws for hands.
You are mostly covered in slimy green scales. (AC +3)
Your flesh is cold resistant. (rC+)


Message History

The neqoxec hits you but does no damage.
Frances hits you with a halberd! The neqoxec hits you.
Frances screams a word of power!
The chaos spawn gores you.
You are engulfed in flames!
The neqoxec disappears in a puff of smoke!
Frances hits you with a halberd. The chaos spawn gores you.
The soul eater hits you. Frances hits you but does no damage.
The chaos spawn hits you.
The chaos spawn draws strength from your injuries!
The chaos spawn completely misses you.
The soul eater draws from the surrounding life force!
* * * LOW HITPOINT WARNING * * *
Frances hits you but does no damage.
The soul eater hits you but does no damage.
The chaos spawn hits you but does no damage.
The chaos spawn gores you but does no damage.
Frances hits you with a halberd!!
* * * LOW HITPOINT WARNING * * *
Frances hits you with a halberd!
You die...

######## #######
#......# #.....####
#......###.##......
#......#...#.....#
#...รท.(........#
##........##....#
.#.........##....#
..........@@3.##....#
###.#.....44#.##....#
# #.####....#.....#
#. ###########..# #.
.............#
########........#
.........#######
#.#.# .........#
#.#.# .........#
#.#.#


You could see Frances, a soul eater and 2 chaos spawn.

Vanquished Creatures
  Kirke (D:12)
  A minotaur (Lab)
  Josephine (D:11)
  A hydra (D:11)
  A two-headed ogre (D:8)
  Erica (D:11)
  An unseen horror (D:10)
  An oklob plant (D:9)
  A manticore (D:12)
  A komodo dragon (D:6)
  2 trolls
  Grinder (D:5)
  A hippogriff (D:9)
  Sigmund (D:6)
  4 wraiths
  3 humans (D:6)
  10 yaks
  2 hogs (D:12)
  A steam dragon (D:11)
  4 hungry ghosts
  A water moccasin (D:11)
  Duvessa (D:6)
  A sky beast (D:11)
  2 ice beasts
  4 phantoms
  4 orc warriors
  The ghost of polly the Slasher, an amateur DrBe of Trog (D:4)
  A necrophage (D:6)
  5 ogres
  A centaur (D:4)
  Blork the orc (D:5)
  An elf zombie (Ossuary)
  4 big kobolds
  6 bullfrogs
  Dowan (D:6)
  A gnoll sergeant (D:7)
  4 scorpions
  A wyvern skeleton (D:12)
  10 howler monkeys
  5 crimson imps
  3 centaur zombies
  A quasit (D:10)
  A bullfrog zombie (D:12)
  3 centaur skeletons
  3 hounds
  3 jellies
  A human zombie (Ossuary)
  6 orc priests
  Crazy Yiuf (D:3)
  2 bullfrog skeletons
  3 iguanas
  Natasha (thrice) (D:4)
  10 orc wizards
  7 worker ants
  4 hound skeletons
  3 mummies (Ossuary)
  Robin (D:3)
  7 gnolls
  A howler monkey skeleton (D:7)
  13 adders
  A shadow imp (D:6)
  2 oozes
  3 worms
  2 dart slugs
  3 leopard geckos
  41 orcs
  3 giant cockroaches
  16 goblins
  7 hobgoblins
  12 jackals
  6 quokkas
  3 ball pythons
  4 bats
  2 frilled lizards
  3 goblin zombies (Ossuary)
  5 hobgoblin zombies (Ossuary)
  19 kobolds
  3 kobold zombies (Ossuary)
  3 leopard gecko skeletons
  A quokka zombie (D:9)
  2 rats (D:2)
  A rat zombie (D:7)
  A spectral orc (D:2)
  A plant (D:9)
314 creatures vanquished.

Notes
Turn   | Place    | Note
-------+----------+-------------------------------------------
     0 | D:1      | polly the Demonspawn Gladiator began the quest for the Orb.
     0 | D:1      | Reached XP level 1. HP: 16/16 MP: 1/1
   233 | D:1      | Gained mutation: You have sharp fingernails. [demonic ancestry]
   233 | D:1      | Reached XP level 2. HP: 19/22 MP: 2/2
   861 | D:1      | Reached skill level 1 in Unarmed Combat
   861 | D:1      | Gained mutation: You are partially covered in slimy green scales. (AC +2) [demonic ancestry]
   861 | D:1      | Reached XP level 3. HP: 13/27 MP: 3/3
  1167 | D:2      | Found a basalt altar of Yredelemnul.
  1354 | D:2      | Reached skill level 2 in Unarmed Combat
  1398 | D:2      | Reached XP level 4. HP: 27/33 MP: 4/4
  1702 | D:3      | Noticed Robin
  1975 | D:3      | Killed Robin
  2155 | D:3      | Reached skill level 3 in Unarmed Combat
  2519 | D:3      | Found a runed door.
  2523 | D:3      | Noticed Crazy Yiuf
  2537 | D:3      | Killed Crazy Yiuf
  2537 | D:3      | Reached skill level 1 in Armour
  2537 | D:3      | Reached XP level 5. HP: 23/38 MP: 5/5
  2744 | D:3      | Reached skill level 4 in Unarmed Combat
  2960 | D:4      | Gained mutation: You have very sharp fingernails. [demonic ancestry]
  2960 | D:4      | Reached XP level 6. HP: 44/44 MP: 6/6
  3212 | D:4      | Noticed Natasha
  3223 | D:4      | Killed Natasha
  3223 | D:4      | Reached skill level 1 in Stealth
  3226 | D:4      | Noticed Natasha
  3230 | D:4      | Killed Natasha
  3530 | D:4      | Reached skill level 5 in Unarmed Combat
  3530 | D:4      | Reached XP level 7. HP: 27/51 MP: 7/7
  3628 | D:4      | Noticed polly's ghost (amateur DrBe)
  3638 | D:4      | Killed polly's ghost
  4250 | D:4      | Noticed Natasha
  4255 | D:4      | Killed Natasha
  4255 | D:4      | Reached skill level 6 in Unarmed Combat
  4334 | D:5      | Entered Level 5 of the Dungeon
  4334 | D:5      | Noticed Blork the orc
  4343 | D:5      | Killed Blork the orc
  4525 | D:5      | Gained mutation: You are mostly covered in slimy green scales. (AC +3) [demonic ancestry]
  4525 | D:5      | Reached XP level 8. HP: 47/57 MP: 8/8
  4839 | D:4      | Reached skill level 7 in Unarmed Combat
  5092 | D:5      | Noticed Grinder
  5098 | D:5      | Killed Grinder
  5399 | D:5      | Reached skill level 8 in Unarmed Combat
  5685 | D:6      | Noticed Duvessa
  5685 | D:6      | Noticed Dowan
  5700 | D:6      | Killed Duvessa
  5700 | D:6      | Reached XP level 9. HP: 39/62 MP: 9/9
  5707 | D:6      | Killed Dowan
  5707 | D:6      | Reached skill level 9 in Unarmed Combat
  6009 | D:6      | Noticed Sigmund
  6016 | D:6      | Killed Sigmund
  6016 | D:6      | Reached skill level 10 in Unarmed Combat
  6179 | D:6      | Found a staircase to the Ecumenical Temple.
  6308 | Temple   | Entered the Ecumenical Temple
  6319 | Temple   | Became a worshipper of Warmaster Okawaru
  6476 | D:6      | Noticed a komodo dragon
  6481 | D:6      | Killed a komodo dragon
  6785 | D:7      | Reached * piety under Okawaru
  6881 | D:7      | Reached skill level 11 in Unarmed Combat
  6985 | D:7      | Gained mutation: Your flesh is cold resistant. (rC+) [demonic ancestry]
  6985 | D:7      | Reached XP level 10. HP: 46/70 MP: 10/10
  7020 | D:7      | Reached ** piety under Okawaru
  7042 | D:7      | Found Luoqoal's Jewellery Boutique.
  7078 | D:7      | Found a sand-covered staircase.
  7089 | Ossuary  | Entered an ossuary
  7809 | D:7      | Reached skill level 5 in Armour
  7904 | D:7      | Found a sacrificial altar of Ru.
  9424 | D:8      | Noticed a two-headed ogre
  9459 | D:8      | Reached skill level 12 in Unarmed Combat
  9464 | D:8      | Killed a two-headed ogre
  9598 | D:8      | Found Cinaol's General Store.
 10008 | D:9      | Reached *** piety under Okawaru
 10117 | D:9      | Found a bloodstained altar of Trog.
 10118 | D:9      | Noticed an oklob plant
 10128 | D:9      | Killed an oklob plant
 10367 | D:10     | Entered Level 10 of the Dungeon
 10402 | D:10     | Found Nealac's Armour Boutique.
 10402 | D:10     | Found a staircase to the Orcish Mines.
 10402 | D:10     | Found Catal's Weapon Boutique.
 10415 | D:10     | Reached skill level 13 in Unarmed Combat
 10478 | D:10     | Found a staircase to the Lair.
 10500 | D:10     | Reached **** piety under Okawaru
 10500 | D:10     | Gained mutation: You have claws for hands. [demonic ancestry]
 10500 | D:10     | Reached XP level 11. HP: 77/77 MP: 11/11
 10874 | D:10     | Killed an unseen horror
 11085 | D:10     | Bought the +5 chain mail of Eternal Vigilance {rPois Str+7 Int-3} for 638 gold pieces
 11126 | D:11     | Noticed Erica
 11145 | D:11     | Killed Erica
 11145 | D:11     | Reached ***** piety under Okawaru
 11225 | D:11     | Received a gift from Okawaru
 11238 | D:11     | Received a gift from Okawaru
 11399 | D:11     | Noticed Josephine
 11409 | D:11     | Killed Josephine
 11414 | D:11     | Reached skill level 14 in Unarmed Combat
 11516 | D:11     | Found a labyrinth entrance.
 11524 | Lab      | Entered a labyrinth
 12289 | Lab      | Noticed a minotaur
 12296 | Lab      | Killed a minotaur
 12313 | Lab      | Got a sparkling brass amulet
 12313 | Lab      | Got a wavering granite ring
 12318 | D:11     | Identified the ring "Saro" {rCorr Dex+5} (You found it in a labyrinth)
 12515 | D:11     | Noticed a seven-headed hydra
 12522 | D:11     | Killed a 12-headed hydra
 12882 | D:12     | Noticed Kirke
 12886 | D:12     | Noticed a lindwurm
 13008 | D:12     | Killed Kirke
 13008 | D:12     | Reached XP level 12. HP: 84/84 MP: 12/12
 13067 | D:12     | Reached skill level 15 in Unarmed Combat
 13073 | D:12     | Received a gift from Okawaru
 13120 | D:12     | Noticed Frances
 13461 | D:12     | Paralysed by a chaos spawn for 7 turns
 13468 | D:12     | HP: 3/84 [Frances/halberd (20)]
 13468 | D:12     | Slain by Frances

Vault maps used:
D:1:      kennysheep_arrival_forest
D:2:      yredelemnul_forgotten_temple_becter, minmay_misc_feat_x
D:3:      st_stairs_13, uniq_crazy_yiuf_cottage, uniq_robin
D:4:      uniq_natasha
D:5:      first_bread, kennysheep_generic_room_2, uniq_grinder,
          uniq_blork_the_orc
D:6:      minmay_temple_entry_fiery, st_stairs_14, minmay_ruffians,
          uniq_duvessa, uniq_sigmund
D:7:      serial_shops, nicolae_shop_behind_doors, enter_ossuary_3,
          nicolae_ru_sacrificial_ziggurat
D:8:      serial_shops, nicolae_shop_statue_plus
D:9:      blue_anna_alchemist, lemuel_oklob_altar
D:10:     lair_entry_dummy, orc_david_3
D:11:     lab_entry_generic, uniq_erica, uniq_josephine
D:12:     uniq_psyche, uniq_frances, uniq_kirke
D:13:     special_room
Temple:   dpeg_three_leaves_temple
Ossuary:  ossuary_kennysheep_city_of_the_dead

Skill      XL: |  1  2  3  4  5  6  7  8  9 10 11 12 |
---------------+-------------------------------------+-----
Long Blades    | 3 |  3.0
Dodging        | 3 4 |  4.6
Unarmed Combat | 1 2 3 4 5 6 8 11 13 14 15 | 15.1
Armour         | 1 2 3 4 5 7 |  7.2
Stealth        | 1 |  1.3
Fighting       | 3 4 |  4.5
Throwing       | |  1.9

Action                   |  1- 3 |  4- 6 |  7- 9 | 10-12 || total
-------------------------+-------+-------+-------+-------++-------
Melee: Long sword        |    24 |       |       |       ||    24
       Unarmed           |   124 |   216 |   328 |   441 ||  1109
       Punch             |     3 |     2 |    13 |    26 ||    44
Throw: Throwing net      |     2 |     3 |       |       ||     5
Invok: Heroism           |       |       |       |     1 ||     1
  Use: Potion            |     2 |     2 |     2 |     5 ||    11
       Scroll            |       |       |     2 |    12 ||    14
 Stab: Held in net/web   |       |     2 |       |       ||     2
       Sleeping          |       |     2 |       |       ||     2
       Distracted        |       |     1 |       |       ||     1
  Eat: Chunk             |     1 |     4 |    10 |    21 ||    36
       Meat ration       |       |     1 |       |       ||     1
       Royal jelly       |       |       |       |     3 ||     3
Armor: Leather armour    |    55 |    43 |       |       ||    98
       Chain mail        |       |    37 |   180 |   292 ||   509
Dodge: Dodged            |    84 |    98 |   142 |   213 ||   537
       Rpst.: Long sword |     6 |       |       |       ||     6
